 Dungeon Sprint DCSS version 0.26-a0-1184-g95e395e029 (webtiles) character file.

Game seed: 11856752926734082252

213 rocky1 the Zephyrmancer (level 5, 0/28 HPs)
             Began as a Tengu Air Elementalist on Dec 28, 2020.
             Was a Follower of Sif Muna.
             Succumbed to an orc warrior's poison
             ... in the Dungeon (Sprint IX: "|||||||||||||||||||||||||||||").
             The game lasted 00:02:52 (518 turns).

rocky1 the Zephyrmancer (Tengu Air Elementalist)     Turns: 518, Time: 00:02:52

Health: 0/28       AC:  9    Str:  8    XL:     5   Next: 90%
Magic:  3/14       EV: 12    Int: 17    God:    Sif Muna [*.....]
Gold:   0          SH:  0    Dex: 14    Spells: 5/15 levels left

rFire    . . .     SeeInvis .   k - +2 scimitar (flame)
rCold    . . .     Faith    .   (no shield)
rNeg     . . .     Spirit   .   b - +0 leather armour
rPois    .         Reflect  .   (helmet restricted)
rElec    .         Harm     .   l - +0 cloak
rCorr    .         Rampage  .   m - +0 pair of gloves
Will     .....     NoTele   +   (boots unavailable)
Stlth    ++........             (no amulet)
HPRegen  0.09/turn              n - +2 ring of protection
MPRegen  0.14/turn              o - +2 ring of protection

@: lethally poisoned (0 -> -3), sluggish, very slightly contaminated, invisible
(expiring), very slow
A: beak, talons 3, able to fly
a: Fly, Renounce Religion, Channel Magic


You were in the Dungeon.
You worshipped Sif Muna.
Sif Muna was aware of your devotion.
You visited 1 branch

Inventory:

Hand Weapons
 k - a +2 scimitar of flaming (weapon)
Armour
 b - a +0 leather armour (worn)
 l - a +0 cloak (worn)
 m - a +0 pair of gloves (worn)
Jewellery
 n - a +2 ring of protection (left hand)
 o - a +2 ring of protection (right hand)
Wands
 j - a wand of acid (10)
Scrolls
 g - 3 scrolls of remove curse
 h - 2 scrolls of blinking
 i - 2 scrolls of amnesia
Potions
 c - 3 potions of curing
 e - a potion of haste
 f - 4 potions of magic


   Skills:
 + Level 3.3 Long Blades
 - Level 2.1 Dodging
 - Level 2.0 Stealth
 + Level 5.9 Spellcasting
 + Level 8.1 Conjurations
 + Level 9.0 Air Magic
 + Level 2.7 Invocations


You had 5 spell levels left.
You knew the following spells:

 Your Spells              Type           Power        Failure   Level
a - Shock                 Conj/Air       100%         1%          1
b - Swiftness             Air            35%          1%          2
c - Static Discharge      Conj/Air       34%          1%          3
d - Airstrike             Air            17%          4%          4

Your spell library contained the following spells:

 Spells                   Type           Power        Failure   Level
 Lightning Bolt           Conj/Air       17%          16%         5


Dungeon Overview and Level Annotations

Branches:
Dungeon (1/1)

Altars:
Cheibriados
Dithmenos
Elyvilon
Fedhas
Gozag
Hepliaklqana
Kikubaaqudgha
Makhleb
Nemelex Xobeh
Okawaru
Qazlal
Ru
Sif Muna
Trog
Uskayaw
Vehumet
Wu Jian
Xom
Yredelemnul
Zin
The Shining One
Beogh
Jiyva
Lugonu


Innate Abilities, Weirdness & Mutations

You have a beak for a mouth.
You have claws for feet.
You can fly continuously.


Message History

Press: ? - help, Shift-Dir - straight line, f/p - orc warrior
Aim: an orc warrior, wielding a +0 long sword, wearing a +0 chain mail and quivering 6 boomerangs (severely wounded, wandering, hasn't noticed you, 29% to evade)
The zap hits the orc warrior.
The orc warrior is almost dead.
The zap hits the hornet.
The hornet is almost dead.
The hornet buzzes angrily.
You flicker for a moment.
You feel sick.
Things that are here:
a +2 hand axe of venom; a +0 plate armour; an orc corpse You closely miss the orc warrior.
Your kick misses the orc warrior.
The orc warrior is almost dead.
The orc warrior hits you with a +0 long sword!
* * * LOW HITPOINT WARNING * * *
You hit the orc warrior but do no damage.
You peck the orc warrior, but do no damage.
The orc warrior is almost dead.
You feel sluggish.
You die... ▓▓▓▓▓▓▓▓▓▓▓▓▓▓▓▓▓▓▓▓▓▓▓▓▓▓▓ ......'..o@).)..'__________ ▓▓▓▓▓▓▓▓▓▓▓▓▓▓▓▓▓▓▓▓▓▓▓▓▓▓▓

You could see an orc warrior.

Vanquished Creatures
  A centaur (D)
  A howler monkey (D)
  An adder (D)
  An ufetubus (D)
  A dart slug (D)
  A leopard gecko (D)
  2 orcs (D)
  2 giant cockroaches (D)
  2 goblins (D)
  A bat (D)
13 creatures vanquished.

Vanquished Creatures (others)
  An orc warrior (D)
1 creature vanquished.

Grand Total: 14 creatures vanquished

Notes
Turn   | Place    | Note
-------+----------+-------------------------------------------
     0 | D        | rocky1 the Tengu Air Elementalist began the quest for the
                  | Orb.
     0 | D        | Reached XP level 1. HP: 10/10 MP: 4/4
     7 | D        | Reached skill level 5 in Air Magic
     7 | D        | Reached XP level 2. HP: 15/15 MP: 1/6
    59 | D        | Learned a level 2 spell: Swiftness
    59 | D        | Noticed a centaur
    70 | D        | Killed a centaur
    71 | D        | Reached skill level 5 in Spellcasting
    71 | D        | Reached skill level 7 in Air Magic
    71 | D        | Reached XP level 3. HP: 7/19 MP: 1/10
    71 | D        | Reached XP level 4. HP: 9/24 MP: 1/12
   387 | D        | Learned a level 3 spell: Static Discharge
   392 | D        | Learned a level 4 spell: Airstrike
   411 | D        | Found a roughly hewn altar of Beogh.
   411 | D        | Found a snail-covered altar of Cheibriados.
   411 | D        | Found a shadowy altar of Dithmenos.
   411 | D        | Found a white marble altar of Elyvilon.
   411 | D        | Found a blossoming altar of Fedhas.
   411 | D        | Found an opulent altar of Gozag.
   412 | D        | Found a hazy altar of Hepliaklqana.
   413 | D        | Found a viscous altar of Jiyva.
   414 | D        | Found an ancient bone altar of Kikubaaqudgha.
   415 | D        | Found a corrupted altar of Lugonu.
   416 | D        | Found a burning altar of Makhleb.
   417 | D        | Found a sparkling altar of Nemelex Xobeh.
   418 | D        | Found an iron altar of Okawaru.
   419 | D        | Found a stormy altar of Qazlal.
   420 | D        | Found a sacrificial altar of Ru.
   421 | D        | Found a shimmering blue altar of Sif Muna.
   422 | D        | Found a bloodstained altar of Trog.
   423 | D        | Found a hide-covered altar of Uskayaw.
   424 | D        | Found a radiant altar of Vehumet.
   425 | D        | Found an ornate altar of the Wu Jian Council.
   426 | D        | Found a shimmering altar of Xom.
   427 | D        | Found a basalt altar of Yredelemnul.
   428 | D        | Found a glowing silver altar of Zin.
   429 | D        | Found a glowing golden altar of the Shining One.
   441 | D        | Became a worshipper of Sif Muna the Loreminder
   490 | D        | Noticed a hornet
   490 | D        | Noticed an orc warrior
   490 | D        | Noticed an orc warrior
   507 | D        | HP: 1/24 [orc warrior/+2 hand axe of venom (9)]
   510 | D        | Reached * piety under Sif Muna
   511 | D        | Reached skill level 8 in Air Magic
   511 | D        | Reached skill level 1 in Invocations
   511 | D        | Gained mutation: You can fly continuously. [Tengu growth]
   511 | D        | Reached XP level 5. HP: 22/28 MP: 4/13
   512 | D        | Killed an orc warrior
   513 | D        | Reached skill level 9 in Air Magic
   517 | D        | HP: 1/28 [orc warrior/+0 long sword (12)]
   518 | D        | Succumbed to an orc warrior's poison

Illustrated notes

Levels and vault maps discovered:
D:        linesprint [early_d, line_temple, items_1, d_10, items_2, lair_1,
          lair_end, items_3, orc_1, orc_end, items_4, d_15, swamp_1, shoals_1,
          snake_1, spider_1, d_20, vaults_1, items_5, swamp_end, shoals_end,
          snake_end, spider_end, vaults_end, d_27, items_6, zot_1, zot_end,
          crypt_end, forest_end, elf_end, slime_end, tomb_end, abyss_end,
          pan_hell_end]

Skill      XL: |  1  2  3  4  5 |
---------------+----------------+-----
Conjurations   | 3 6 7 8 |  8.1
Air Magic      | 5 7 8 9 |  9.0
Spellcasting   | 5 |  5.9
Long Blades    | 2 3 |  3.3
Invocations    | 1 2 |  2.7
Dodging        | |  2.1
Stealth        | |  2.0

Action                   |  1- 3 |  4- 6 || total
-------------------------+-------+-------++-------
Melee: Unarmed           |     3 |       ||     3
       Peck              |     1 |     2 ||     3
       Scimitar          |       |     4 ||     4
       Kick              |       |     1 ||     1
 Cast: Shock             |     9 |    10 ||    19
       Swiftness         |       |     1 ||     1
  Use: Potion            |     1 |     6 ||     7
Armor: Leather armour    |       |     2 ||     2
Dodge: Dodged            |     6 |     4 ||    10

Table legend: (Time is in decaauts)
 A = Elapsed time spent in this place.
 B = Non-inter-level travel time spent in this place.
 C = Inter-level travel time spent in this place.
 D = Time resting spent in this place.
 E = Time spent auto-exploring this place.
 F = Levels seen in this place.
 G = Mean time per level.
                   A        B        C        D        E       F      G
               +--------+--------+--------+--------+--------+-----+--------+
         Total |    525 |    525 |      0 |    363 |      0 |   1 |  525.0 |
       Dungeon |    525 |    525 |      0 |    363 |      0 |   1 |  525.0 |
               +--------+--------+--------+--------+--------+-----+--------+

Top non-repeatable levels by time:
       D: 525 daAuts
